 Dungeon Crawl Stone Soup version 0.23.1 (webtiles) character file.

Game seed: 8380460001558894902

20 Irenicus the Digger (level 2, -1/22 HPs)
             Began as a Deep Dwarf Earth Elementalist on Mar 12, 2019.
             Slain by a centaur skeleton (2 damage)
             ... on level 2 of the Dungeon.
             The game lasted 00:03:50 (500 turns).

Irenicus the Digger (Deep Dwarf Earth Elementalist)  Turns: 500, Time: 00:03:51

Health: -1/22      AC:  2    Str:  8 (11) XL:     2   Next: 58%
Magic:  1/4        EV: 12    Int: 13 (15) God:
Gold:   58         SH:  0    Dex: 11 (13) Spells: 1/4 levels left

rFire    . . .     SeeInvis .   i - +0 dagger (curse)
rCold    . . .     Gourm    .   (no shield)
rNeg     . . .     Faith    .   c - +0 robe
rPois    .         Spirit   .   (no helmet)
rElec    .         Reflect  .   (no cloak)
rCorr    .         Harm     .   (no gloves)
MR       .....                  (no boots)
Stlth    ++........             (no amulet)
HPRegen  0.00/turn              (no ring)
MPRegen  0.09/turn              (no ring)

@: non-regenerating
A: damage resistance, heal wounds, sense surroundings 1, no regeneration
a: Heal Wounds


You were on level 2 of the Dungeon.
You were not hungry.

You visited 1 branch of the dungeon, and saw 2 of its levels.

You collected 58 gold pieces.

Inventory:

Hand Weapons
 f - a +0 dagger
   (You took it off a goblin on level 1 of the Dungeon)
 i - a cursed +0 dagger (weapon)
   (You found it on level 1 of the Dungeon)
Missiles
 b - 21 stones (quivered)
Armour
 c - a +0 robe (worn)
 e - a +0 helmet
   (You found it on level 1 of the Dungeon)
Scrolls
 a - a scroll of remove curse {unknown}
 g - a scroll of identify {unknown}
 h - a scroll of fear {unknown}
Comestibles
 d - a ration


   Skills:
 - Level 2.1 Dodging
 - Level 2.4 Stealth
 - Level 1.7 Spellcasting
 - Level 0.8 Transmutations
 + Level 5.3 Earth Magic


You had one spell level left.
You knew the following spells:

 Your Spells              Type           Power        Failure   Level  Hunger
a - Sandblast             Erth           ##....       3%          1    ##.....
w - Passwall              Tmut/Erth      #.......     11%         2    ###....

Your spell library contained the following spells:

 Spells                   Type           Power        Failure   Level  Hunger
 Stone Arrow              Conj/Erth      #.....       26%         3    ####...
 Petrify                  Tmut/Erth      #.......     58%         4    #####..
 Lee's Rapid Deconstruct  Erth           ##........   63%         5    ######.


Dungeon Overview and Level Annotations

Branches:
Dungeon (2/15)

Altars:
Fedhas
Qazlal


Innate Abilities, Weirdness & Mutations

You are resistant to damage.
You can heal yourself by infusing magical energy.
You passively map a small area around you.
You do not regenerate.


Message History

You finish merging with the rock.
You now have 2/4 mp.
MP restored: 4 You now have 58 gold pieces (gained 7).
There is an escape hatch in the floor here.
You slide downwards.
The hatch slams shut behind you.
A quokka, a worm and a hobgoblin come into view.
The hobgoblin shouts!
A bat comes into view.
The bat moves out of view.
Found 10 gold pieces and 16 bolts.
Found a stone staircase leading up.
Found a cyan potion.
Found a stormy altar of Qazlal.
Found a stone staircase leading up.
Aim: a hobgoblin, wielding a +0 club The blast of sand hits the hobgoblin.
b - 28 stones The hobgoblin barely misses you.
You now have 3/4 mp.
Aim: a hobgoblin, wielding a +0 club (heavily wounded)
The blast of sand hits the hobgoblin!
You kill the hobgoblin!
b - 27 stones You now have 2/4 mp.
You barely miss the bat. The bat completely misses you.
Aim: a bat The blast of sand hits the bat.
You kill the bat!
b - 26 stones You now have 1/4 mp.
A kobold comes into view. It is wielding a +0 dagger.
You see here a bat corpse.
Aim: a kobold, wielding a +0 dagger The blast of sand misses the kobold.
b - 25 stones You now have 0/4 mp.
The kobold misses you.
Found a blossoming altar of Fedhas.
Aim: a kobold, wielding a +0 dagger The blast of sand hits the kobold.
You kill the kobold!
b - 24 stones A rat comes into view.
You now have 0/4 mp.
The rat moves out of view.
A frilled lizard comes into view.
The frilled lizard hisses angrily.
An adder comes into view.
You see here a cyan potion.
j - a cyan potion A worm comes into view.
Things that are here:
a +0 dagger; a kobold corpse The quokka bites you.
You take 4 damage, and have 15/22 hp.
You see here a bat corpse.
The quokka bites you.
You see here a +0 club.
Aim: a quokka The blast of sand misses the quokka.
b - 23 stones The quokka barely misses you.
You now have 1/4 mp.
Aim: a quokka The blast of sand misses the quokka.
The blast of sand hits the rat!
You kill the rat!
b - 22 stones The quokka bites you.
You take 2 damage, and have 13/22 hp.
You now have 0/4 mp.
You don't have enough magic to cast that spell.
Unknown command.
You hit the quokka. The quokka bites you.
You take 2 damage, and have 11/22 hp.
You hit the quokka.
You kill the quokka!
You miss the frilled lizard.
The frilled lizard bites you but does no damage.
You hit the frilled lizard.
You kill the frilled lizard!
A centaur skeleton comes into view.
Aim: a centaur skeleton The blast of sand hits the centaur skeleton!
b - 21 stones The adder hisses angrily.
The centaur skeleton barely misses you. The centaur skeleton misses you.
You now have 0/4 mp.
It was a potion of degeneration.
There was something very wrong with that liquid.
You feel weakened.
You feel dopey.
You feel clumsy. The centaur skeleton hits you.
The centaur skeleton barely misses you.
You take 3 damage, and have 8/22 hp.
You hit the centaur skeleton.
The centaur skeleton hits you but does no damage.
You hit the centaur skeleton. The adder misses you.
The centaur skeleton hits you.
* * * LOW HITPOINT WARNING * * *
The adder bites you.
* * * LOW HITPOINT WARNING * * *
You take 7 damage, and have 1/22 hp.
MASSIVE DAMAGE!!
The centaur skeleton hits you.
You die...

, ............# #........#.
............# ,.........)≈
,
............##*#..........
.............####.#...w...
............w.....##......
........########.###......
, #...#...### #.###†.....
*#.#.....Z.######.)........
#.....#@....#..##.......
................###......<
.#####..##....... ........
##..*#......#..$.....
##.,.......#........ ** #
#......##....(.. #......
##...#.. ##### *


You could see a centaur skeleton.

Vanquished Creatures
  A leopard gecko (D:1)
  A ball python (D:1)
  2 bats
  A goblin (D:1)
  4 hobgoblins
  2 kobolds
  A quokka (D:2)
  2 frilled lizards
  3 rats
17 creatures vanquished.

Notes
Turn   | Place    | Note
-------+----------+-------------------------------------------
     0 | D:1      | Irenicus the Deep Dwarf Earth Elementalist began the quest
                  | for the Orb.
     0 | D:1      | Reached XP level 1. HP: 15/15 MP: 3/3
   191 | D:1      | Reached XP level 2. HP: 19/22 MP: 1/4
   235 | D:1      | Learned a level 2 spell: Passwall
   345 | D:1      | Reached skill level 5 in Earth Magic
   441 | D:2      | Found a stormy altar of Qazlal.
   454 | D:2      | Found a blossoming altar of Fedhas.
   499 | D:2      | HP: 3/22 [centaur skeleton (5)]
   499 | D:2      | HP: 1/22 [adder (2)]
   500 | D:2      | Slain by a centaur skeleton

Skill      XL: |  1  2 |
---------------+-------+-----
Earth Magic    | 5 |  5.3
Dodging        | |  2.1
Stealth        | |  2.4
Spellcasting   | |  1.7
Transmutations | |  0.8

Action                   || total
-------------------------++-------
Melee: Dagger            ||    21
 Cast: Sandblast         ||    23
       Passwall          ||     2
  Use: Potion            ||     1
Armor: Robe              ||     7
Dodge: Dodged            ||    20

Levels and vault maps discovered:
D:1:      eino_arrival_water_cross, layout_loops_ring
D:2:      layout_rooms, lightli_temple_of_fire, lemuel_crystal_altar,
          grunt_temple_overflow_forces_of_nature

Table legend:
 A = Turns spent in this place as a percentage of turns spent in the entire game.
 B = Non-inter-level travel turns spent in this place as a percentage of non-inter-level travel turns spent in the entire game.
 C = Inter-level travel turns spent in this place as a percentage of turns spent in this place.
 D = Turns resting spent in this place as a percentage of non-inter-level travel turns spent in this place.
 E = Turns spent auto-exploring this place as a percentage of non-inter-level travel turns spent in this place.
 F = Non-inter-level travel turns spent in this place divided by the number of levels of this place that you've seen.
                   A       B       C       D       E      F
               +-------+-------+-------+-------+-------+----------------------
         Total | 100.0 | 100.0 |   0.0 |   0.0 |   0.0 | 250.0
       Dungeon | 100.0 | 100.0 |   0.0 |   0.0 |   0.0 | 250.0
               +-------+-------+-------+-------+-------+----------------------

Table legend:
 A = Kills in this place as a percentage of kills in entire the game.
 B = Kills by you in this place as a percentage of kills by you in the entire game.
 C = Kills by friends in this place as a percentage of kills by friends in the entire game.
 D = Other kills in this place as a percentage of other kills in the entire game.
 E = Experience gained in this place as a percentage of experience gained in the entire game.
 F = Experience gained in this place divided by the number of levels of this place that you have seen.
                   A       B       C       D       E      F
               +-------+-------+-------+-------+-------+----------------------
         Total | 100.0 | 100.0 |   N/A |   N/A | 100.0 |  14.5
       Dungeon | 100.0 | 100.0 |   N/A |   N/A | 100.0 |  14.5
               +-------+-------+-------+-------+-------+----------------------
